 Dungeon Crawl Stone Soup version 0.31-a0-229-g1fc7ce93e2 (webtiles) character file.

Game seed: 12798272165243701126

91293 reriks the Tortoise (level 16, -22/107 HPs)
             Began as a Gargoyle Fighter on July 7, 2023.
             Was an Elder of Qazlal.
             Killed from afar by a fire dragon (35 damage)
             ... with a blast of flame
             ... on level 12 of the Dungeon.
             The game lasted 00:46:45 (31200 turns).

reriks the Tortoise (Gargoyle Fighter)             Turns: 31200, Time: 00:46:46

Health: -22/107    AC: 39    Str: 17    XL:     16   Next: 2%
Magic:  24/24      EV: 11    Int: 11    God:    Qazlal [****..]
Gold:   3068       SH: 19    Dex: 17    Spells: 15/15 levels left

rFire   . . .        M - +5 broad axe of the Orcish Mines {spect, Dex+2}
rCold   . . .        c - +0 buckler
rNeg    + + .        C - +2 plate armour {rN+}
rPois   ∞            d - +0 helmet
rElec   +            F - +0 cloak
rCorr   .            L - +0 pair of gloves
SInv    .            h - +2 pair of boots
Will    ++...        S - amulet of Harmony {Reflect Regen+ SH+5 Stlth+} Stlth
                     u - ring "Eciorph" {Will+ Str-4 Int+3}
HPRegen 1.17/turn    s - +5 ring of evasion
MPRegen 0.19/turn

%: repel missiles, reflection
@: flying, studying Armour
A: sickness immunity, AC +12, big wings, negative energy resistance 1,
electricity resistance, torment resistance 1, petrification resistance, dopey 1
a: Renounce Religion, Upheaval, Elemental Force


You were on level 12 of the Dungeon.
You worshipped Qazlal.
Qazlal was greatly pleased with you.
You visited 4 branches of the dungeon, and saw 20 of its levels.
You also visited: Bailey.

You collected 4006 gold pieces.
You spent 938 gold pieces at shops.

Inventory:

Hand Weapons
 b - a +1 scimitar of flaming
 w - a +0 battleaxe
 M - the +5 broad axe of the Orcish Mines (weapon) {spect, Dex+2}
   (You acquired it on level 1 of the Lair of Beasts)

   Dex:       It affects your dexterity (+2).
 X - a +2 demon trident
Missiles
 v - 8 boomerangs
 K - 2 silver boomerangs (quivered)
Armour
 c - a +0 buckler (worn)
 d - a +0 helmet (worn)
 h - a +2 pair of boots (worn)
 C - a +2 plate armour of positive energy (worn)
 E - a +3 ring mail of cold resistance
 F - a +0 cloak (worn)
 L - a +0 pair of gloves (worn)
Jewellery
 i - an amulet of faith
 j - an amulet of magic regeneration
 o - a ring of positive energy
 s - a +5 ring of evasion (right hand)
 u - the ring "Eciorph" (left hand) {Will+ Str-4 Int+3}
   (You found it in a bailey)

   [ring of willpower]

   Str:       It affects your strength (-4).
   Int:       It affects your intelligence (+3).
   Will:      It increases your willpower.
 x - a +4 ring of slaying
 B - a ring of fire
 H - a ring of ice
 R - a ring of positive energy
 S - the amulet of Harmony (around neck) {Reflect Regen+ SH+5 Stlth+}
   (You took it off a kobold on level 9 of the Dungeon)

   [amulet of reflection]

   It reflects blocked missile attacks.
   Regen:     It increases your rate of health regeneration.
   SH:        It affects your SH (+5).
   Stlth:     It makes you more stealthy.
 V - an amulet of the acrobat
 Z - a +4 ring of slaying
Wands
 l - a wand of quicksilver (4)
 W - a wand of digging (11)
Scrolls
 a - a scroll of fog
 f - 5 scrolls of amnesia
 k - 2 scrolls of identify
 m - 4 scrolls of fear
 y - 3 scrolls of teleportation
 I - 2 scrolls of revelation
 T - a scroll of brand weapon
 U - 2 scrolls of enchant armour
 Y - 3 scrolls of blinking
Potions
 e - 4 potions of enlightenment
 n - 5 potions of haste
 p - a potion of berserk rage
 q - a potion of attraction
 r - a potion of cancellation
 t - 6 potions of might
 z - 5 potions of curing
 A - 4 potions of resistance
 D - 3 potions of mutation
 G - 3 potions of lignification
 J - 4 potions of brilliance
 N - a potion of invisibility
 P - 2 potions of heal wounds
 Q - 3 potions of magic
Miscellaneous
 g - a piece from Xom's chessboard (15/15)


   Skills:
 + Level 14.7 Fighting
 + Level 12.3 Axes
 * Level 15.0 Armour
 + Level 14.7 Shields
 + Level 11.9 Invocations


You had 15 spell levels left.
You didn't know any spells.
Your spell library contained the following spells:

 Spells                   Type           Power      Damage    Failure   Level
 Beastly Appendage        Tmut           0%         N/A       100%        1
 Kiss of Death            Conj/Necr      0%         2d5       100%        1
 Magic Dart               Conj           0%         1d3       100%        1
 Necrotise                Necr           0%         1d4       100%        1
 Shock                    Conj/Air       0%         1d3       100%        1
 Blink                    Tloc           0%         N/A       100%        2
 Ensorcelled Hibernation  Hex/Ice        0%         N/A       100%        2
 Lesser Beckoning         Tloc           0%         N/A       100%        2
 Momentum Strike          Conj/Tloc      0%         3d8       100%        2
 Searing Ray              Conj           0%         2d4       100%        2
 Wereblood                Tmut           0%         N/A       100%        2
 Confusing Touch          Hex            0%         N/A       100%        3
 Frozen Ramparts          Ice            0%         1d1       100%        3
 Gell's Gravitas          Tloc           0%         N/A       100%        3
 Inner Flame              Hex/Fire       0%         N/A       100%        3
 Spider Form              Tmut/Pois      0%         N/A       100%        3
 Teleport Other           Tloc           0%         N/A       100%        3
 Tukima's Dance           Hex            0%         N/A       100%        3
 Vampiric Draining        Necr           0%         2d6       100%        3
 Animate Armour           Summ/Erth      0%         N/A       100%        4
 Dispel Undead            Necr           0%         3d6       100%        4
 Flame Wave               Conj/Fire      0%         2d4       100%        4
 Fulminant Prism          Conj/Hex       0%         3d5       100%        4
 Ice Form                 Ice/Tmut       0%         N/A       100%        4
 Leda's Liquefaction      Hex/Erth       0%         N/A       100%        4
 Passage of Golubria      Tloc           0%         N/A       100%        4
 Sticky Flame             Conj/Fire      0%         2d3       100%        4
 Summon Ice Beast         Ice/Summ       0%         N/A       100%        4
 Summon Lightning Spire   Summ/Air       0%         N/A       100%        4
 Agony                    Necr           0%         N/A       100%        5
 Blade Hands              Tmut           0%         N/A       100%        5
 Lee's Rapid Deconstruct  Erth           0%         3d4*      100%        5
 Yara's Violent Unravell  Hex/Tmut       0%         3d3       100%        5
 Leda's Unmaking          Conj/Erth      0%         9d1       100%        6
 Lehudib's Crystal Spear  Conj/Erth      0%         10d2      100%        8
 Chain Lightning          Conj/Air       0%         N/A       100%        9
 Cigotuvi's Dreadful Rot  Necr/Pois/Air  Unusable   N/A       N/A         2
 Statue Form              Tmut/Erth      Unusable   N/A       N/A         6

Dungeon Overview and Level Annotations

Branches:
Dungeon (12/15)            Temple (1/1) D:7            Lair (5/5) D:9
 Shoals (0/4) Lair:2        Snake (0/4) Lair:3        Slime (0/5) Lair:4
    Orc (2/2) D:11            Elf (0/3) Orc:2        Bailey (visited)

Altars:
Ashenzari
Cheibriados
Dithmenos
Elyvilon
Fedhas
Gozag
Hepliaklqana
Kikubaaqudgha
Makhleb
Nemelex Xobeh
Okawaru
Qazlal
Ru
Sif Muna
Trog
Uskayaw
Vehumet
Wu Jian
Xom
Yredelemnul
Zin
The Shining One
Jiyva

Shops:
D:4 !   D:8 *   D:12 (   Orc:2 ?*:(:

Portals:
Pandemonium: Orc:2
Trove: D:12 (give +4 demon trident)


Innate Abilities, Weirdness & Mutations

You are immune to sickness and miasma.
Your stone body is resilient. (AC +12)
You are immune to poison.
Your large and strong wings let you fly.
You resist negative energy. (rN+)
You are resistant to electric shocks. (rElec)
You are resistant to unholy torment.
You are immune to petrification.
You are dopey. (Int -2)


Message History

The stunning burst hits the phantasmal warrior!
The phantasmal warrior is paralysed.
Your air elemental hits the phantasmal warrior but does no damage.
The phantasmal warrior is engulfed in freezing vapours.
Your air elemental hits the phantasmal warrior but does no damage. x2
The helpless phantasmal warrior fails to defend itself.
You slash the phantasmal warrior!
The phantasmal warrior is severely damaged.
The phantasmal warrior is no longer paralysed.
Your air elemental hits the phantasmal warrior!
Your air elemental fires a burst of electricity at the phantasmal warrior.
The stunning burst hits the phantasmal warrior!
The phantasmal warrior is destroyed!
Qazlal accepts your kill.
No target in view!
Your water elemental disappears in a puff of smoke!
Your air elemental disappears in a puff of smoke!
Your air elemental disappears in a puff of smoke!
U - 2 scrolls of enchant armour (gained 1)
Found a scroll labelled SUDATSETZU.
The fire dragon roars deafeningly!
Okay, then.
You feel protected.
Unknown command.
As you read the scroll labelled SUDATSETZU, it dissolves into smoke.
It was a scroll of fog.
a - a scroll of fog
Found the Book of Grisly Cryomancy.
You start waiting.
You start to feel less resistant.
You hear a deafening roar!
Your resistance to elements expires.
A fire dragon is nearby!
The fire dragon breathes flames at you. The blast of flame hits you!!!
The blast of flame hits you!! The fire dragon breathes flames at you.
The blast of flame hits you!!!
* * * LOW HITPOINT WARNING * * *
The blast of flame hits you!!
You die...

#......######..............#####
#.....................###+##....
#.....................#.........
#................)....#.........
#.........)..........##.........
#.............[......#..........
#[........######.....#..........
#.........#....##....#..........
#........#.####@#....#..........
#........###.:#.#....#'####'####
#.........#.###.#...............
#.........##..D##...............
#.........#.### #...............
#####....###. #...............
#....#.# #...............
####..# ##.......).......
#..######.......)..<.....


You could see a fire dragon (catching breath).

Vanquished Creatures
  Rupert (Lair:4)
  Kirke (D:12)
  A dire elephant (Lair:5)
  An ettin (Orc:1)
  Erolcha (D:10)
  2 hydras
  A demonspawn (Orc:2)
  Erica (D:10)
  A boulder beetle (D:10)
  3 catoblepae
  2 centaur warriors
  5 two-headed ogres
  5 death yaks (Lair:5)
  6 orc high priests (Orc:2)
  7 skeletal warriors
  Lodul (D:12)
  A skyshark (Lair:5)
  4 orc knights (Orc:2)
  A deep elf pyromancer (D:10)
  6 manticores
  An ugly thing (D:11)
  7 orc sorcerers
  5 cyclopes
  15 elephants
  12 black mambas
  A gargoyle (Bailey)
  Maggie (D:9)
  6 cane toads
  An orange demon (Orc:2)
  A freezing wraith (D:9)
  4 kobold demonologists (D:9)
  3 rime drakes
  An efreet (D:9)
  9 komodo dragons
  2 ice devils (Orc:2)
  10 polar bears
  2 trolls
  A hellwing (Orc:2)
  A snapping turtle (Lair:2)
  11 blink frogs
  A raiju (Lair:5)
  3 dream sheep (Lair:5)
  5 wyverns
  A ynoxinul (Orc:2)
  A wraith (D:11)
  3 shadows
  2 vampires
  4 hogs (D:12)
  2 basilisks
  62 yaks
  Grum (D:8)
  A steam dragon (D:8)
  Menkaure (D:4)
  6 wargs (Lair:5)
  14 hell hounds (Lair:5)
  28 water moccasins
  2 acid dragons
  19 orc warriors
  A sky beast (D:7)
  2 ice beasts
  12 black bears
  19 ogres
  25 wolves
  9 centaurs
  4 phantoms
  7 kobold brigands
  17 bullfrogs
  2 gnoll sergeants
  2 scorpions
  10 wights
  2 killer bees (D:9)
  3 electric eels
  6 vampire bats (Bailey)
  7 howler monkeys
  7 wolf zombies (Bailey)
  3 hounds
  A jelly (D:5)
  27 orc priests
  4 gnoll boudas
  3 iguanas
  2 sleepcaps
  19 orc wizards
  Robin (D:4)
  39 gnolls
  2 adders
  2 shadow imps
  4 worms
  3 dart slugs
  67 orcs
  5 endoplasms
  6 giant cockroaches
  17 goblins
  12 hobgoblins
  3 quokkas (D:3)
  5 ball pythons
  2 bats
  4 frilled lizards
  37 kobolds
  16 orc zombies (Bailey)
  5 rats
  2 spectral weapons
727 creatures vanquished.

Vanquished Creatures (collateral kills)
  5 hydras
  A death yak (Lair:5)
  Urug (Lair:5)
  Sonja (Lair:4)
  A phantasmal warrior (D:12)
  A black bear (Lair:5)
10 creatures vanquished.

Vanquished Creatures (others)
  A kobold (D:9)
  A fire vortex (Lair:2)
  9 spectral weapons
11 creatures vanquished.

Grand Total: 748 creatures vanquished

Notes
Turn   | Place    | Note
-------+----------+-------------------------------------------
     0 | D:1      | reriks the Gargoyle Fighter began the quest for the Orb.
     0 | D:1      | Reached XP level 1. HP: 14/14 MP: 1/1
    97 | D:1      | You fall into a shaft and drop 1 floor!
   127 | D:2      | Reached XP level 2. HP: 9/19 MP: 2/2
   480 | D:1      | Reached XP level 3. HP: 16/23 MP: 3/3
  1256 | D:2      | Reached XP level 4. HP: 22/29 MP: 4/4
  1727 | D:3      | Found a radiant altar of Vehumet.
  1785 | D:3      | Reached skill level 4 in Armour
  1851 | D:3      | Noticed an ice beast
  1863 | D:3      | Killed an ice beast
  1864 | D:3      | Reached XP level 5. HP: 3/34 MP: 5/5
  2305 | D:3      | Found a glowing silver altar of Zin.
  2391 | D:4      | Reached XP level 6. HP: 28/39 MP: 6/6
  2754 | D:4      | Reached skill level 5 in Fighting
  2754 | D:4      | Reached skill level 5 in Armour
  2754 | D:4      | Reached skill level 5 in Shields
  2754 | D:4      | Reached XP level 7. HP: 24/44 MP: 7/7
  2855 | D:4      | Noticed Robin
  2868 | D:4      | Killed Robin
  3027 | D:4      | HP: 2/44 [ogre/+0 giant spiked club (21)]
  3114 | D:4      | Found Utseab's Distillery.
  3873 | D:4      | Noticed Menkaure
  3878 | D:4      | Killed Menkaure
  3879 | D:4      | Reached XP level 8. HP: 38/51 MP: 8/8
  4067 | D:5      | Entered Level 5 of the Dungeon
  4074 | D:5      | Reached skill level 6 in Armour
  4730 | D:5      | Reached skill level 5 in Axes
  5135 | D:4      | Reached XP level 9. HP: 56/56 MP: 9/9
  5264 | D:5      | Reached skill level 7 in Armour
  5934 | D:6      | Found a burning altar of Makhleb.
  6872 | D:7      | Found a staircase to the Ecumenical Temple.
  6879 | Temple   | Entered the Ecumenical Temple
  7005 | Temple   | Became a worshipper of Qazlal Stormbringer
  7077 | D:7      | Reached skill level 8 in Armour
  7265 | D:7      | Reached XP level 10. HP: 64/64 MP: 10/10
  7843 | D:8      | Found a bloodstained altar of Trog.
  8257 | D:8      | Found Voos's General Store.
  8386 | D:7      | Reached * piety under Qazlal
  8418 | D:8      | Found a flagged portal.
  8427 | Bailey   | Entered a bailey
  8659 | Bailey   | Reached ** piety under Qazlal
  8660 | Bailey   | Reached skill level 9 in Armour
  8769 | Bailey   | Noticed a gargoyle
  8785 | Bailey   | Killed a gargoyle
  8947 | Bailey   | Got the Omnibus of the Lizard
  8948 | Bailey   | Identified the +4 chain mail of the Salamander {Harm Str+3
                  | Dex+2 Slay+2}
  9094 | Bailey   | Identified the ring "Eciorph" {Will+ Str-4 Int+3}
  9233 | D:8      | Found a blossoming altar of Fedhas.
  9242 | D:8      | Noticed Grum
  9252 | D:8      | Killed Grum
  9253 | D:8      | Reached skill level 1 in Invocations
  9398 | D:8      | Found a shadowy altar of Dithmenos.
  9668 | D:8      | Found a shimmering altar of Xom.
  9668 | D:8      | Found a shimmering altar of Xom.
  9669 | D:8      | Found a shimmering altar of Xom.
  9669 | D:8      | Found a shimmering altar of Xom.
  9796 | D:9      | Reached XP level 11. HP: 71/71 MP: 12/12
  9809 | D:9      | Reached *** piety under Qazlal
  9831 | D:9      | Found a hazy altar of Hepliaklqana.
 10020 | D:9      | Noticed a two-headed ogre
 10048 | D:9      | Killed a two-headed ogre
 10491 | D:9      | Noticed a cyclops
 10505 | D:9      | Noticed a cyclops
 10629 | D:9      | Noticed a manticore
 10638 | D:9      | Killed a manticore
 10639 | D:9      | Reached skill level 10 in Fighting
 10639 | D:9      | Reached skill level 10 in Armour
 10686 | D:9      | Found a staircase to the Lair.
 10689 | D:9      | Noticed Maggie
 10699 | D:9      | Killed Maggie
 10700 | D:9      | Reached skill level 10 in Shields
 10891 | D:10     | Entered Level 10 of the Dungeon
 11115 | D:9      | Noticed a deep elf pyromancer
 11115 | D:9      | Noticed a manticore
 11210 | D:10     | Killed a deep elf pyromancer
 11494 | D:9      | Killed a manticore
 11509 | Lair:1   | Entered Level 1 of the Lair of Beasts
 11735 | Lair:1   | Reached **** piety under Qazlal
 11807 | Lair:1   | Identified a scroll of acquirement
 11807 | Lair:1   | Acquired the +5 broad axe of the Orcish Mines {spect,
                  | Dex+2}
 12124 | Lair:1   | Reached skill level 5 in Invocations
 12279 | Lair:1   | Reached XP level 12. HP: 76/79 MP: 15/15
 13136 | Lair:2   | Noticed a five-headed hydra
 13233 | Lair:2   | Reached skill level 11 in Armour
 13651 | Lair:2   | Reached ***** piety under Qazlal
 13660 | Lair:2   | Killed a 16-headed hydra
 14423 | Lair:2   | Noticed a seven-headed hydra
 14431 | Lair:2   | HP: 2/80 [11-headed hydra (8)]
 14540 | D:9      | Reached XP level 13. HP: 61/85 MP: 18/18
 14644 | D:9      | Acquired 608 gold pieces
 15361 | Lair:2   | Found a staircase to the Shoals.
 15556 | Lair:3   | Reached skill level 12 in Armour
 15567 | Lair:3   | Reached skill level 10 in Axes
 16289 | Lair:3   | Found a staircase to the Snake Pit.
 17896 | Lair:4   | Noticed Sonja
 17919 | Lair:4   | Killed Sonja
 18134 | Lair:4   | Noticed Rupert
 18141 | Lair:4   | Paralysed by Rupert for 2 turns
 18148 | Lair:4   | Killed Rupert
 18201 | Lair:4   | Found a viscous altar of Jiyva.
 18205 | Lair:4   | Found a staircase to the Slime Pits.
 18905 | Lair:5   | Entered Level 5 of the Lair of Beasts
 18914 | Lair:5   | Gained mutation: Your large and strong wings let you fly.
                  | [Gargoyle growth]
 18914 | Lair:5   | Reached XP level 14. HP: 84/92 MP: 20/20
 19707 | Lair:5   | Reached skill level 13 in Armour
 20043 | Lair:5   | Noticed a dire elephant
 20053 | Lair:5   | Killed a dire elephant
 20438 | Lair:5   | Noticed Urug
 20451 | Lair:5   | Killed Urug
 20548 | Lair:5   | Reached skill level 10 in Invocations
 22607 | D:9      | Identified the amulet of Harmony {Reflect Regen+ SH+5
                  | Stlth+}
 23161 | D:9      | Reached XP level 15. HP: 86/100 MP: 22/22
 23288 | D:9      | Got Nuwu's Monograph on Doomed Necromantic Mysteries
 23826 | D:10     | Noticed Erolcha
 23834 | D:10     | Killed Erolcha
 23835 | D:10     | Reached skill level 14 in Armour
 23911 | D:10     | Reached ****** piety under Qazlal
 24036 | D:10     | Noticed Erica
 24043 | D:10     | Killed Erica
 24615 | D:11     | Found a staircase to the Orcish Mines.
 24739 | D:11     | Found a snail-covered altar of Cheibriados.
 25656 | Orc:1    | Entered Level 1 of the Orcish Mines
 26062 | Orc:1    | Paralysed by an orc sorcerer for 4 turns
 26297 | Orc:2    | Entered Level 2 of the Orcish Mines
 26739 | Orc:2    | Found a staircase to the Elven Halls.
 27822 | Orc:2    | Found Kotejah's Magic Scroll Boutique.
 27961 | Orc:2    | Found Kyzeto Pian's General Store.
 28245 | Orc:2    | Bought a scroll of blinking for 105 gold pieces
 28247 | Orc:2    | Bought a scroll of acquirement for 728 gold pieces
 28247 | Orc:2    | Acquired 717 gold pieces
 28307 | Orc:2    | Gained mutation: You are dopey. (Int -2) [a neqoxec]
 28471 | Orc:2    | Found Pyicy's Book Emporium.
 28816 | Orc:2    | Found Susisaet's Book Emporium.
 28816 | Orc:2    | Found Duubruus's Antique Weapon Shoppe.
 28817 | Orc:2    | Found a one-way gate leading to the halls of Pandemonium.
 29940 | D:12     | Found a portal to a secret trove of treasure.
 30350 | Orc:2    | Bought a scroll of enchant weapon for 105 gold pieces
 30351 | Orc:2    | Acquired a manual of Armour
 30568 | D:12     | Found Befiv's Antique Weapon Shoppe.
 30625 | D:12     | Noticed Kirke
 30636 | D:12     | Killed Kirke
 30808 | D:12     | Noticed Lodul
 30830 | D:12     | Killed Lodul
 31103 | D:12     | Reached skill level 15 in Armour
 31103 | D:12     | Reached XP level 16. HP: 107/107 MP: 18/24
 31200 | D:12     | Killed from afar by a fire dragon

Illustrated notes

Levels and vault maps discovered:
D:1:      minmay_arrival_nine_rooms, layout_basic
D:2:      layout_loops_ring
D:3:      layout_basic, mainiacjoe_overflow_big_doors, minmay_starry_boxes
D:4:      layout_basic, serial_shops, nicolae_shop_industrial_runoff,
          cheibrodos_sewer_entry_bend, grunt_tough_drop, uniq_menkaure,
          uniq_robin
D:5:      layout_rooms
D:6:      layout_loops_corners, lightli_temple_of_fire
D:7:      layout_gridville, minmay_temple_entry_wispy
D:8:      layout_rooms, mainiacjoe_overflow_boulevard, fedhas_ov_isle_minmay,
          nicolae_dithmenos_shadow_blocks, xom_shifter_show, serial_shops,
          nicolae_shop_crystal, enter_bailey_5, uniq_grum
D:9:      minmay_the_grid_octo_triangle [minmay_the_grid_octo_fan_narrow,
          minmay_the_grid_octo_prize_single_spiral, minmay_the_grid_octo_teeth],
          layout_grid_maze, mainiacjoe_overflow_brackets, serial_bayou_lagoon_a,
          kb_lookout_dungeons_type, uniq_maggie
D:10:     layout_long_grid, uniq_erolcha, uniq_erica
D:11:     layout_loops_ring, orc_0_dummy, kennysheep_cross_bottleneck,
          cheibriados_altar_1
D:12:     minmay_mutant_horseshoe, layout_irregular_city, serial_shops,
          nicolae_shop_overgrown_old_shop, enter_trove_1, uniq_lodul, uniq_kirke
Temple:   eino_narrow_crystal_temple
Lair:1:   layout_layer_cave
Lair:2:   layout_gridlike, minmay_shoals_entry_hut, st_stairs_9,
          infiniplex_staircase_pool, serial_bayou_shore_a
Lair:3:   cheibrodos_lair_river_kwai, layout_loops_ring,
          minmay_snake_entry_six_corridors, serial_rivers,
          chequers_serial_rivers_room_b, chequers_serial_rivers_micro_c,
          chequers_serial_rivers_small_a, chequers_serial_rivers_small_a,
          chequers_serial_rivers_marsh, chequers_serial_rivers_micro_d
Lair:4:   layout_cave_pods, slime_entry_1, uniq_rupert, uniq_sonja
Lair:5:   hangedman_lair_caniforms_friends, layout_gridlike,
          hangedman_lair_in_review, uniq_urug
Orc:1:    layout_caves
Orc:2:    pf_orc_diabolical, layout_caves, serial_shops,
          nicolae_shop_behind_doors, basic_altar

Skill      XL: |  1  2  3  4  5  6  7  8  9 10 11 12 13 14 15 |
---------------+----------------------------------------------+-----
Axes           | 2 3 4 5 6 7 8 9 10 11 12 | 12.3
Shields        | 4 5 6 8 9 10 11 12 13 14 | 14.7
Fighting       | 4 5 6 8 9 10 11 12 13 14 | 14.7
Armour         | 4 5 6 8 9 10 11 12 13 15 | 15.0
Invocations    | 2 5 7 9 10 11 | 11.9

Action                     |  1- 3 |  4- 6 |  7- 9 | 10-12 | 13-15 | 16-18 || total
---------------------------+-------+-------+-------+-------+-------+-------++-------
  Melee: War axe           |   118 |   126 |   483 |   448 |       |       ||  1175
         Broad axe         |       |       |       |   150 |   940 |     2 ||  1092
         Scimitar          |       |       |       |       |    16 |       ||    16
  Throw: Boomerang         |       |       |       |     5 |    14 |       ||    19
 Invoke: Elemental Force   |       |       |       |       |    11 |       ||    11
    Use: Scroll            |       |     5 |     4 |     9 |    15 |     1 ||    34
         Potion            |       |       |     3 |     2 |       |     1 ||     6
   Stab: Distracted        |       |       |       |     1 |     9 |       ||    10
         Paralysed         |       |       |       |       |     2 |     1 ||     3
 Armour: Scale mail        |    58 |    44 |   288 |   138 |       |       ||   528
         Plate armour      |       |       |       |   260 |   397 |       ||   657
  Dodge: Dodged            |    47 |    57 |   441 |   400 |   281 |       ||  1226
         Repelled          |       |       |       |       |     3 |       ||     3
  Block: Buckler           |    23 |    24 |   161 |   339 |   609 |     1 ||  1157
         Reflection        |       |       |       |       |     5 |       ||     5

Table legend: (Time is in decaauts)
 A = Elapsed time spent in this place.
 B = Non-inter-level travel time spent in this place.
 C = Inter-level travel time spent in this place.
 D = Time resting spent in this place.
 E = Time spent auto-exploring this place.
 F = Levels seen in this place.
 G = Mean time per level.
                   A        B        C        D        E       F      G
               +--------+--------+--------+--------+--------+-----+--------+
         Total |  31677 |  29271 |   2406 |  11382 |  12389 |  21 | 1508.4 |
       Dungeon |  16169 |  14957 |   1212 |   4627 |   7187 |  12 | 1347.4 |
        Temple |    141 |    127 |     14 |      0 |    114 |   1 |  141.0 |
          Lair |  11241 |  10212 |   1029 |   4586 |   4262 |   5 | 2248.2 |
  Orcish Mines |   3342 |   3192 |    150 |   1877 |    751 |   2 | 1671.0 |
        Bailey |    783 |    783 |      0 |    292 |     75 |   1 |  783.0 |
               +--------+--------+--------+--------+--------+-----+--------+

Top non-repeatable levels by time:
  Lair:5: 3684 daAuts
     D:9: 2646 daAuts
   Orc:2: 2612 daAuts
     D:4: 2439 daAuts
  Lair:1: 2003 daAuts
  Lair:2: 1962 daAuts
  Lair:4: 1820 daAuts
  Lair:3: 1770 daAuts
    D:10: 1616 daAuts
    D:11: 1412 daAuts
     D:7: 1350 daAuts
    D:12: 1282 daAuts
     D:6: 1247 daAuts
     D:2: 927 daAuts
     D:8: 863 daAuts
